 Dungeon Crawl Stone Soup version 0.30-a0-948-g4fa250aae5 (webtiles) character file.

Game seed: 13221123057917513166

33 DeathPants the Trooper (level 3, 0/20 HPs)
             Began as a Vine Stalker Monk on Mar 26, 2023.
             Slain by Sigmund
             ... wielding a +0 scythe
              (1 damage)
             ... on level 2 of the Dungeon.
             The game lasted 00:05:17 (1099 turns).

DeathPants the Trooper (Vine Stalker Monk)          Turns: 1099, Time: 00:05:18

Health: 0/20       AC:  3    Str: 13 (15) XL:     3   Next: 29%
Magic:  0/5        EV: 12    Int:  9 (10) God:
Gold:   68         SH:  0    Dex: 13 (16) Spells: 4/4 levels left

rFire   . . .      SeeInvis .    a - +1 dagger (speed)
rCold   . . .      Faith    .    (no shield)
rNeg    . . .      Spirit   +    j - +0 leather armour
rPois   .          Reflect  .    (no helmet)
rElec   .          Rampage  .    (no cloak)
rCorr   .                        (no gloves)
Will    .....                    (no boots)
Stlth   ++                       g - amulet of magic regeneration
HPRegen 0.23/turn                (no ring)
MPRegen 0.49/turn                (no ring)

@: no status effects
A: fangs 2, magic shield, antimagic bite, no potion heal 2
a: no special abilities


You were on level 2 of the Dungeon.
You visited 1 branch of the dungeon, and saw 3 of its levels.

You collected 68 gold pieces.

Inventory:

Hand Weapons
 a - a +1 dagger of speed (weapon)
Missiles
 e - 5 silver boomerangs
 i - 8 poisoned darts (quivered)
Armour
 j - a +0 leather armour (worn)
Jewellery
 g - an amulet of magic regeneration (around neck)
Wands
 b - a wand of roots (14)
Scrolls
 d - a scroll of immolation {unknown}
 h - 3 scrolls of blinking {unknown}
 k - 2 scrolls of enchant weapon {unknown}
Potions
 f - a potion of attraction
 l - a potion of flight


   Skills:
 + Level 3.0 Fighting
 * Level 0.7 Short Blades
 - Level 2.6 Axes
 + Level 2.7 Dodging
 - Level 2.4 Stealth
 + Level 1.3 Spellcasting


You had 4 spell levels left.
You didn't know any spells.
Your spell library contained the following spells:

 Spells                   Type           Power      Damage    Failure   Level
 Ignite Poison            Fire/Tmut/Pois 0%         N/A       80%         3
 Kindle Blastsparks       Fire/Tloc/Air  0%         2d10      80%         3
 Freezing Cloud           Conj/Ice/Air   0%         6-21      100%        5


Dungeon Overview and Level Annotations

Branches:
Dungeon (3/15)

Altars:

Annotations:
D:2 Sigmund


Innate Abilities, Weirdness & Mutations

You have extremely sharp teeth.
When hurt, damage is shared between your health and your magic reserves.
Your bite disrupts and absorbs the magic of your enemies.
Potions cannot restore your health.


Message History

You bite the endoplasm, but do no damage.
The endoplasm is almost dead.
You hit the endoplasm but do no damage. You bite the endoplasm.
You kill the endoplasm!
You now have 68 gold pieces (gained 12).
Sigmund shouts!
Sigmund gestures wildly while chanting.
Sigmund flickers and vanishes!
Deactivating autopickup; reactivate with Ctrl-A.
A magic dart appears from out of thin air!
The magic dart hits you!
An endoplasm comes into view.
A magic dart appears from out of thin air!
The magic dart hits you!
It was a potion of degeneration.
There was something very wrong with that liquid.
You feel weakened.
You feel dopey.
You feel clumsy. Something hits you!
* * * LOW HITPOINT WARNING * * *
You miss something. Your bite misses something.
You hit something but do no damage.
You hear some strange, mumbled words.
Something tries to affect you, but you resist.
You hit something but do no damage. You bite something. You drain its magic.
You feel invigorated.
You closely miss something. Your bite misses something. Something hits you!
* * * LOW HITPOINT WARNING * * *
You miss something. You bite something. You drain its magic.
You feel invigorated.
You hit something but do no damage. Your bite misses something.
Something hits you but does no damage.
You hit something but do no damage. You miss something. You bite something.
You hit something. Your bite misses something. You hit something.
You punch something. You bite something. You drain its magic.
Something hits you!
* * * LOW HITPOINT WARNING * * *
You miss something. You hit something but do no damage. Something hits you.
You die...

#..<...# #.# #......#
#.# #......# #.##
#......# #####..###
###########.........
#######.####....####.###
..J..........#### #.#..
#######.###...## #...#
#@# ###....###.### #.#
###...#.### #.# #...†)#
#...# ####.#.. ##....#
#....### ##..# #.##.#
..# #. ##.# .# # #..# .
♣..♣


There were no monsters in sight!

Vanquished Creatures
  A worm (D:3)
  2 dart slugs
  A bat (D:1)
  2 endoplasms (D:2)
  2 giant cockroaches (D:1)
  3 goblins
  2 hobgoblins (D:2)
  2 kobolds (D:1)
  A quokka (D:1)
  5 ball pythons (D:1)
  A frilled lizard (D:2)
  2 rats
24 creatures vanquished.

Vanquished Creatures (others)
  3 plants (D:2)
3 creatures vanquished.

Grand Total: 27 creatures vanquished

Notes
Turn   | Place    | Note
-------+----------+-------------------------------------------
     0 | D:1      | DeathPants the Vine Stalker Monk began the quest for the
                  | Orb.
     0 | D:1      | Reached XP level 1. HP: 11/11 MP: 2/2
   183 | D:1      | Reached XP level 2. HP: 16/16 MP: 2/4
   303 | D:2      | Noticed Sigmund
   407 | D:2      | Reached skill level 1 in Spellcasting
   538 | D:1      | Reached skill level 3 in Fighting
   837 | D:3      | Reached XP level 3. HP: 10/20 MP: 3/5
   957 | D:2      | Noticed an ogre
  1097 | D:2      | HP: 1/20 [something (2)]
  1099 | D:2      | Slain by Sigmund

Illustrated notes

Levels and vault maps discovered:
D:1:      minmay_arrival_open_corners, layout_loops_ring
D:2:      layout_rooms, hellmonk_ecumenical_altar_crossroads, serial_forest,
          infiniplex_forest_clump_tiny, infiniplex_forest_diagonal,
          infiniplex_forest_corner_1, infiniplex_forest_clump_large,
          infiniplex_forest_corner_1, infiniplex_forest_end_2,
          infiniplex_forest_end_double, uniq_sigmund
D:3:      layout_loops_ring, mainiacjoe_overflow_six_doors_small,
          general_overflow_altar

Skill      XL: |  1  2 |
---------------+-------+-----
Spellcasting   | 1 |  1.3
Fighting       | 3 |  3.0
Short Blades   | |  0.7
Axes           | |  2.6
Dodging        | |  2.7
Stealth        | |  2.4

Action                     || total
---------------------------++-------
  Melee: Hand axe          ||    32
         Bite              ||    24
         Dagger            ||    62
         Punch             ||     2
    Use: Scroll            ||     5
         Potion            ||     1
   Stab: Sleeping          ||     3
 Armour: Robe              ||    15
         Ring mail         ||     3
         Leather armour    ||     9
  Dodge: Dodged            ||    61

Table legend: (Time is in decaauts)
 A = Elapsed time spent in this place.
 B = Non-inter-level travel time spent in this place.
 C = Inter-level travel time spent in this place.
 D = Time resting spent in this place.
 E = Time spent auto-exploring this place.
 F = Levels seen in this place.
 G = Mean time per level.
                   A        B        C        D        E       F      G
               +--------+--------+--------+--------+--------+-----+--------+
         Total |   1084 |   1053 |     31 |     40 |    593 |   3 |  361.3 |
       Dungeon |   1084 |   1053 |     31 |     40 |    593 |   3 |  361.3 |
               +--------+--------+--------+--------+--------+-----+--------+

Top non-repeatable levels by time:
     D:1: 752 daAuts
     D:2: 266 daAuts
     D:3: 65 daAuts
